Map: [ESL] Site Delta

Players

Jieshi - Winner!

  • Race: Protoss Protoss
  • Spawn Location: 11:00

Firefly

  • Race: Protoss Protoss
  • Spawn Location: 5:00

Event: ESL SC2 Masters 2024 Spring (Regional)

VOD

Have the link to the VOD?

Description

Time

  • Played on: April 25, 2024, 7:58 a.m.
  • Length: 8:23

All games in this series

Show
View Real Time Build Order
Export as new Build Order

Jieshi Protoss - Winner!

Build Orders: 1 Gate Expand, Blink Stalkers 

Get SALT Encoding   

  12  0:00  Probe  
  13  0:12  Probe  
  14  0:19  Pylon  
  14  0:24  Probe (Chrono Boost)  
  15  0:38  Probe (Chrono Boost)  
  15  0:39  Gateway  
  16  0:46  Probe (Chrono Boost)  
  16  0:47  Assimilator  
  17  0:52  Probe  
  18  1:04  Probe  
  19  1:16  Probe  
  20  1:23  Pylon  
  20  1:26  Cybernetics Core  
  23  1:39  Nexus  
  20  1:42  Probe  
  21  1:53  Assimilator  
  21  1:54  Probe  
  21  2:00  Adept (Chrono Boost)  
  22  2:03  Warp Gate  
  22  2:06  Probe  
  25  2:18  Probe  
  25  2:21  Stalker (Chrono Boost)  
  28  2:30  Probe  
  29  2:43  Probe (Chrono Boost)  
  29  2:49  Stalker  
  31  2:51  Twilight Council  
  31  2:52  Probe (Chrono Boost)  
  31  2:55  Shield Battery  
  33  3:00  Probe (Chrono Boost)  
  33  3:02  Probe (Chrono Boost)  
  34  3:07  Probe x2 (Chrono Boost)  
  36  3:19  Probe x2  
  38  3:20  Gateway  
  38  3:23  Stalker  
  38  3:24  Blink (Chrono Boost)  
  38  3:31  Probe x2  
  40  3:43  Probe x2  
  41  3:50  Pylon  
  41  3:53  Gateway  
  41  3:55  Probe x2  
  43  3:58  Pylon  
  43  4:02  Sentry  
  45  4:07  Probe, Gateway  
  45  4:08  Probe  
  47  4:17  Shield Battery  
  47  4:21  Nexus  
  47  4:23  Pylon  
  47  4:28  Robotics Facility  
  47  4:30  Probe  
  48  4:32  Probe  
  48  4:36  Stalker  
  48  4:37  Stalker  
  53  4:42  Probe  
  53  4:44  Probe  
  55  4:46  Pylon  
  55  4:49  Pylon  
  55  4:50  Forge  
  55  4:54  Sentry  
  57  5:04  Stalker x2  
  61  5:12  Stalker  
  57  5:20  Probe x2  
  57  5:22  Assimilator  
  53  5:39  Nexus  
  53  5:43  Twilight Council  
  53  5:46  Pylon, Probe  
  53  5:47  Probe  
  53  5:49  Stalker x2  
  59  5:54  Zealot  
  59  5:55  Zealot  
  59  5:56  Protoss Ground Weapons Level 1 (Chrono Boost)  
  61  5:59  Probe x2  
  62  6:09  Gateway  
  62  6:11  Probe, Gateway  
  63  6:13  Probe  
  63  6:15  Gateway  
  63  6:16  Photon Cannon  
  64  6:18  Gateway  
  64  6:19  Photon Cannon  
  64  6:21  Observer (Chrono Boost)  
  64  6:23  Probe  
  66  6:25  Probe  
  66  6:27  Stalker  
  66  6:31  Charge (Chrono Boost)  
  69  6:32  Photon Cannon  
  69  6:35  Probe  
  69  6:36  Stalker  
  69  6:38  Probe  
  73  6:47  Probe  
  73  6:50  Probe  
  75  6:59  Probe  
  75  7:00  Zealot x2, Stalker x2  
  84  7:08  Immortal (Chrono Boost)  
  84  7:09  Pylon  
  84  7:12  Shield Battery  
  88  7:17  Zealot, Stalker  
  88  7:22  Stalker  
  94  7:23  Zealot  
  94  7:25  Zealot  
  98  7:32  Zealot, Stalker  
  98  7:33  Zealot  
  102  7:42  Zealot x2  
  102  7:47  Stalker  
  102  7:48  Zealot x2  
  102  7:51  Pylon  
  108  7:53  Pylon  
  108  7:55  Stalker  
  106  8:01  Zealot x2  
Show
View Real Time Build Order
Export as new Build Order

Firefly Protoss 

Build Orders:  

Get SALT Encoding   

  12  0:00  Probe  
  13  0:12  Probe  
  14  0:19  Pylon  
  14  0:24  Probe  
  15  0:37  Probe (Chrono Boost)  
  15  0:38  Gateway  
  16  0:47  Probe (Chrono Boost)  
  17  0:51  Assimilator  
  17  0:52  Probe (Chrono Boost)  
  18  1:04  Probe (Chrono Boost)  
  19  1:05  Assimilator  
  19  1:13  Probe (Chrono Boost)  
  20  1:18  Probe (Chrono Boost)  
  20  1:25  Cybernetics Core  
  23  1:32  Pylon  
  23  1:50  Nexus  
  23  1:52  Probe  
  22  2:03  Adept (Chrono Boost)  
  22  2:04  Probe  
  25  2:11  Robotics Facility  
  25  2:17  Probe  
  25  2:20  Warp Gate  
  26  2:28  Stalker  
  28  2:30  Probe  
  30  2:44  Pylon  
  28  2:54  Probe  
  29  2:59  Immortal (Chrono Boost)  
  31  3:08  Probe  
  31  3:10  Probe  
  30  3:29  Immortal (Chrono Boost)  
  30  3:34  Probe  
  33  3:36  Probe  
  34  3:46  Probe  
  33  3:48  Probe  
  34  3:58  Probe  
  34  4:01  Probe  
  34  4:02  Observer  
  37  4:10  Probe  
  37  4:13  Probe  
  37  4:14  Pylon  
  37  4:15  Gateway  
  39  4:22  Probe  
  40  4:25  Probe  
  41  4:32  Stalker, Gateway  
  41  4:35  Probe  
  41  4:38  Probe  
  45  4:47  Probe  
  45  4:50  Probe  
  47  4:57  Stalker  
  47  4:59  Probe  
  50  5:02  Probe  
  51  5:10  Stalker  
  51  5:11  Probe  
  50  5:19  Probe  
  49  5:22  Stalker  
  49  5:23  Warp Prism (Chrono Boost), Probe  
  46  5:30  Assimilator  
  46  5:31  Assimilator, Probe  
  46  5:33  Gateway  
  46  5:34  Gateway  
  43  5:40  Adept x2  
  47  5:47  Pylon  
  47  5:49  Immortal (Chrono Boost)  
  48  6:09  Probe x2  
  48  6:10  Gateway x2  
  48  6:11  Sentry, Stalker  
  52  6:21  Immortal (Chrono Boost)  
  56  6:30  Stalker x2  
  60  6:42  Pylon  
  60  6:44  Pylon  
  60  6:54  Stalker  
  62  7:01  Stalker x2  
  62  7:05  Stalker x3  
  72  7:22  Pylon, Stalker  
  74  7:24  Stalker x2  
  74  7:27  Pylon  
  76  7:47  Sentry  
  76  7:48  Zealot x2, Sentry x3  
Tags
 
Add a new tag
Caveats
  • Supply blocks, unpowered buildings, or Contaminate may cause inaccurate times.
  • Supply counts are checked every 10 seconds.